 Dungeon Crawl Stone Soup version 0.31-b1-22-gc680215f68 (webtiles) character file.

Game seed: 11523116285530657683

559 monsoonserge the Chopper (level 7, 0/38 HPs)
             Began as a Vine Stalker Fighter on Jan 19, 2024.
             Was a Follower of Uskayaw.
             Slain by Menkaure (8 damage)
             ... on level 4 of the Dungeon.
             The game lasted 00:07:59 (2704 turns).

monsoonserge the Chopper (Vine Stalker Fighter)     Turns: 2704, Time: 00:08:00

Health: 0/38       AC:  6    Str: 20    XL:     7   Next: 31%
Magic:  0/8        EV:  9    Int:  8    God:    Uskayaw [*.....]
Gold:   155        SH:  5    Dex: 14    Spells: 6/6 levels left

rFire   . . .        a - +0 war axe
rCold   . . .        c - +0 buckler
rNeg    + . .        b - +0 scale mail
rPois   .            (no helmet)
rElec   .            (no cloak)
rCorr   .            (no gloves)
SInv    .            (no boots)
Will    +....        (no amulet) Stlth
                     f - ring of positive energy
HPRegen 1.06/turn    i - ring of willpower
MPRegen 0.11/turn

%: guardian spirit
@: no status effects
A: fangs 2, regeneration 1, magic shield, antimagic bite, no potion heal 2
a: Renounce Religion, Stomp


You were on level 4 of the Dungeon.
You worshipped Uskayaw.
Uskayaw was noncommittal.
You visited 1 branch of the dungeon, and saw 4 of its levels.

You collected 155 gold pieces.

Inventory:

Hand Weapons
 a - a +0 war axe (weapon)
Armour
 b - a +0 scale mail (worn)
 c - a +0 buckler (worn)
 u - an orb of guile
Magical Staves
 q - a staff of air
Jewellery
 f - a ring of positive energy (left hand)
 i - a ring of willpower (right hand)
 s - a ring of wizardry
 v - a ring of fire
Wands
 d - a wand of flame (12)
 r - a wand of paralysis (3)
Scrolls
 e - 3 scrolls of immolation {unknown}
 h - a scroll of enchant armour {unknown}
 n - a scroll of identify {unknown}
 o - 2 scrolls of revelation {unknown}
 t - 2 scrolls of teleportation {unknown}
Potions
 g - a potion of degeneration {unknown}
 j - a potion of brilliance {unknown}
 k - a potion of heal wounds {unknown}
 l - a potion of berserk rage {unknown}
 m - a potion of curing {unknown}
 p - a potion of haste {unknown}
 w - a potion of attraction {unknown}


   Skills:
 + Level 4.3 Fighting
 + Level 5.2 Axes
 + Level 3.2 Armour
 + Level 0.4 Dodging
 + Level 3.3 Shields
 * Level 0.2 Invocations


You had 6 spell levels left.
You didn't know any spells.
Your spell library contained the following spells:

 Spells                   Type           Power      Damage    Failure   Level
 Ensorcelled Hibernation  Hex/Ice        0%         N/A       93%         2
 Lesser Beckoning         Tloc           0%         N/A       93%         2
 Gell's Gravitas          Tloc           0%         N/A       99%         3
 Passwall                 Erth           0%         N/A       99%         3
 Swiftness                Air            0%         N/A       99%         3
 Teleport Other           Tloc           0%         N/A       99%         3


Dungeon Overview and Level Annotations

Branches:
Dungeon (4/15)
 Temple: D:4-7

Altars:
Kikubaaqudgha
Uskayaw

Annotations:
D:3 3 runed translucent doors, Tragedy's ghost, weakling DrBe; tdog's ghost, amateur SpBr
D:4 1 runed translucent door, Dowan; Menkaure; turdburglar's ghost, amateur DrFi


Innate Abilities, Weirdness & Mutations

You have extremely sharp teeth.
Your natural rate of healing is unusually fast.
When hurt, damage is shared between your health and your magic reserves.
Your bite disrupts and absorbs the magic of your enemies.
Potions cannot restore your health.


Message History

The endoplasm quivers.
Menkaure gestures wildly while chanting.
Menkaure seems to speed up.
Found a chain mail.
A ball python comes into view.
Found a flail.
The endoplasm hits you but does no damage.
Menkaure hits you!
You closely miss Menkaure. Your bite misses Menkaure.
You barely miss the endoplasm.
The endoplasm hits you but does no damage.
Menkaure hits you!! The endoplasm closely misses you.
You stomp with the beat, sending a shockwave through the revellers around you!
The endoplasm is heavily wounded.
Menkaure is moderately damaged.
You can no longer stomp with the beat.
Menkaure gestures at you while chanting.
You easily resist.
The endoplasm hits you but does no damage.
You slash Menkaure!
Menkaure is heavily damaged.
You slash the endoplasm!
You kill the endoplasm!
Menkaure barely misses you. x2
You can now stomp with the beat.
You closely miss the ball python. You bite the ball python.
You kill the ball python!
You hit Menkaure but do no damage.
Menkaure calls on the powers of darkness!
Your body is wracked with pain!
* * * LOW HITPOINT WARNING * * *
Unknown command.
Okay, then.
You hit Menkaure but do no damage.
Menkaure is heavily damaged.
Menkaure calls on the powers of darkness!
Your body is wracked with pain!
* * * LOW HITPOINT WARNING * * *
Menkaure hits you!
You die...

#.....##..##
..####...#..##
........)...##
#.#####...#.### ##
#...........# #
#.. #####...#### #
##...## #.### #
.......########.##
#
......†@.........#
#
......M########..#
# )#[..## #..# #
#.. ########..# #
##
#.........#######
#.######.........
#.#......########
#.#.####.# #.#.#
#.#


You could see Menkaure (fast).

Vanquished Creatures
  An ogre (D:4)
  A phantom (D:4)
  Blork the orc (D:3)
  A jelly (D:4)
  2 hounds
  A bombardier beetle (D:3)
  Jessica (D:3)
  4 gnolls (D:3)
  3 adders
  A dart slug (D:3)
  3 ribbon worms
  7 orcs (D:3)
  12 ball pythons
  8 endoplasms
  3 giant cockroaches
  4 goblins
  9 hobgoblins
  10 jackals
  2 quokkas
  8 bats
  2 frilled lizards (D:2)
  9 kobolds
  5 rats
98 creatures vanquished.

Notes
Turn   | Place    | Note
-------+----------+-------------------------------------------
     0 | D:1      | monsoonserge the Vine Stalker Fighter began the quest for
                  | the Orb.
     0 | D:1      | Reached XP level 1. HP: 11/11 MP: 2/2
   216 | D:1      | Reached XP level 2. HP: 16/16 MP: 3/3
   247 | D:1      | Reached skill level 2 in Axes
   360 | D:1      | Reached XP level 3. HP: 20/20 MP: 4/4
  1050 | D:2      | Reached XP level 4. HP: 24/24 MP: 5/5
  1055 | D:2      | Reached skill level 3 in Axes
  1105 | D:2      | Found a faded altar of an unknown god.
  1511 | D:3      | Noticed Jessica
  1514 | D:3      | Killed Jessica
  1610 | D:3      | Reached XP level 5. HP: 28/28 MP: 6/6
  1768 | D:3      | Found a runed translucent gate.
  1768 | D:3      | Found a runed translucent gate.
  1769 | D:3      | Found a runed translucent gate.
  1770 | D:3      | Noticed Tragedy's ghost (weakling DrBe)
  1770 | D:3      | Noticed tdog's ghost (amateur SpBr)
  1797 | D:3      | Reached skill level 4 in Axes
  2012 | D:3      | Found an ancient bone altar of Kikubaaqudgha.
  2023 | D:3      | Reached XP level 6. HP: 26/33 MP: 5/7
  2189 | D:4      | Noticed Dowan
  2189 | D:4      | Noticed Blork the orc
  2248 | D:3      | Killed Blork the orc
  2321 | D:4      | Noticed turdburglar's ghost (amateur DrFi)
  2321 | D:4      | Found a runed translucent door.
  2361 | D:4      | Reached XP level 7. HP: 35/37 MP: 8/8
  2382 | D:4      | Reached skill level 5 in Axes
  2437 | D:4      | Found a hide-covered altar of Uskayaw.
  2448 | D:4      | Became a worshipper of Uskayaw the Reveller
  2497 | D:4      | Reached * piety under Uskayaw
  2696 | D:4      | Noticed Menkaure
  2704 | D:4      | Slain by Menkaure

Illustrated notes

Levels and vault maps discovered:
D:1:      dpeg_arrival_brainrot, layout_loops_ring, minmay_tall_x
D:2:      layout_basic, basic_ecumenical_altar
D:3:      layout_basic, lemuel_round_altar, gammafunk_ghost_cemetery,
          uniq_jessica
D:4:      layout_loops_ring, nicolae_overflow_hidden_temple,
          nicolae_uskayaw_suspiria, gammafunk_ghost_grave, minmay_hedge_maze,
          kennysheep_generic_room_10, uniq_duvessa, uniq_menkaure,
          uniq_blork_the_orc

Skill      XL: |  1  2  3  4  5  6  7 |
---------------+----------------------+-----
Axes           | 2 3 4 5 |  5.2
Fighting       | 3 4 |  4.3
Shields        | 3 |  3.3
Armour         | 3 |  3.2
Dodging        | |  0.4
Invocations    | |  0.2

Action                     |  1- 3 |  4- 6 |  7- 9 || total
---------------------------+-------+-------+-------++-------
  Melee: War axe           |    92 |   123 |    21 ||   236
         Bite              |    22 |    30 |     5 ||    57
 Invoke: Stomp             |       |       |     1 ||     1
    Use: Potion            |       |     1 |       ||     1
 Armour: Scale mail        |    70 |   101 |    14 ||   185
  Dodge: Dodged            |    41 |    62 |     7 ||   110
  Block: Buckler           |    20 |    41 |     4 ||    65
